 Dungeon Crawl Stone Soup version 0.18-a0-1639-g7533f42 (webtiles) character file.

56 namelastname112 the Insei (level 3, -1/31 HPs)
             Began as a Draconian Monk on Mar 27, 2016.
             Slain by an adder (3 damage)
             ... on level 2 of the Dungeon.
             The game lasted 00:01:26 (999 turns).

namelastname112 the Insei (Draconian Monk)           Turns: 999, Time: 00:01:27

Health: -1/31      AC:  5    Str: 13    XL:     3   Next: 69%
Magic:  3/3        EV: 13    Int: 10    God:
Gold:   44         SH:  0    Dex: 14    Spells: 0 memorised, 2 levels left

rFire  . . .     SeeInvis .       - Unarmed
rCold  + . .     Gourm    .     (armour unavailable)
rNeg   . . .     Faith    .     (no shield)
rPois  .         Spirit   .     (helmet restricted)
rElec  .         Dismiss  .     (no cloak)
rCorr  +         Reflect  .     (no gloves)
SustAt .         Harm     .     (no boots)
MR     .....                    e - amulet of inaccuracy (curse)
Stlth  ++........               (no ring)
                                h - ring of resist corrosion

@: not resistant to hostile enchantments, unstealthy
A: unfitting armour, stinger 1, cold resistance 1, screaming 1, cold-blooded, AC
+5
a: no special abilities


You were on level 2 of the Dungeon.
You were not hungry.

You visited 1 branch of the dungeon, and saw 2 of its levels.

You collected 44 gold pieces.

Inventory:

Jewellery
 e - a cursed amulet of inaccuracy (around neck)
 h - a ring of resist corrosion (left hand)
Potions
 d - a potion of flight
Comestibles
 a - 2 bread rations
 c - a beef jerky
 f - 4 fruits


   Skills:
 - Level 3.2 Fighting
 - Level 2.6 Dodging
 - Level 1.7 Stealth
 * Level 5.4 Unarmed Combat


You had 2 spell levels left.
You didn't know any spells.

Dungeon Overview and Level Annotations

Branches:
Dungeon (2/15)

Altars:


Innate Abilities, Weirdness & Mutations

Your plain brown scales are hard (AC +5).
Your body does not fit into most forms of armour.
You are cold-blooded and may be slowed by cold attacks.
Your tail ends in a poisonous barb.
Your flesh is cold resistant.
You occasionally shout uncontrollably at your foes.


Message History

You hit the hobgoblin.
You kill the hobgoblin!
You see here a hobgoblin corpse.
The adder closely misses you. The adder bites you.
* * * LOW HITPOINT WARNING * * *
There is a stone staircase leading up, spattered with blood here.
Things that are here:
a club; an adder corpse Drink which item? (? for menu, Esc to quit)
It was a potion of mutation.
You feel extremely strange.
You feel the urge to shout.
You feel resistant to cold.
A poisonous barb forms on the end of your tail.
The adder barely misses you.
Drink which item? (? for menu, Esc to quit)
It was a potion of cancellation.
You feel magically purged. The adder bites you but does no damage.
You hit the adder.
The adder is heavily wounded.
The adder bites you.
You die...

## .. # .# ########.###.#
#......#.#...# #.####.#
.... ########.#..#.###S#
..........>.#...@†#
.#######.##.#####........
.# #... .. ...######
.##########.######.#
†...†...... .. .#
.########## ## ## ......#
.####.# .#


You could see an adder.

Vanquished Creatures
  An adder (D:2)
  An ooze (D:1)
  2 worms (D:2)
  2 giant geckos (D:2)
  4 giant cockroaches (D:1)
  A goblin (D:2)
  4 hobgoblins
  6 jackals (D:1)
  A bat (D:1)
  2 giant newts (D:1)
  4 kobolds
  5 rats
33 creatures vanquished.

Notes
Turn   | Place    | Note
--------------------------------------------------------------
     0 | D:1      | namelastname112 the Draconian Monk began the quest for the Orb.
     0 | D:1      | Reached XP level 1. HP: 19/19 MP: 1/1
    29 | D:1      | xeno23: аа тебя бы спас
   107 | D:1      | xeno23: екзоста не было
   107 | D:1      | Reached XP level 2. HP: 16/26 MP: 2/2
   108 | D:1      | namelastname112: лол
   108 | D:1      | namelastname112: у меня аа не было
   108 | D:1      | namelastname112: ** gbnb
   108 | D:1      | namelastname112: пити
   141 | D:1      | xeno23: оу
   578 | D:2      | Reached skill level 5 in Unarmed Combat
   584 | D:2      | Reached XP level 3. HP: 29/31 MP: 3/3
   996 | D:2      | HP: 1/31 [adder (2)]
   997 | D:2      | Gained mutation: You occasionally shout uncontrollably at your foes. [potion of mutation]
   997 | D:2      | Gained mutation: Your flesh is cold resistant. [potion of mutation]
   997 | D:2      | Gained mutation: Your tail ends in a poisonous barb. [potion of mutation]
   999 | D:2      | Slain by an adder

Vault maps used:
D:1:      saegor_arrival_simple_a
D:2:      overflow_temple_1_default, tso_metal_star,
          lemuel_zombie_altar_yredelemnul

Skill      XL: |  1  2 |
---------------+-------+-----
Unarmed Combat | 5 |  5.4
Fighting       | |  3.2
Dodging        | |  2.6
Stealth        | |  1.7

Action                   || total
-------------------------++-------
Melee: Unarmed           ||   122
  Use: Scroll            ||     1
       Potion            ||     2
 Stab: Sleeping          ||     2
